[Event "*** Titled Tuesday Blitz"]
[Site "Chess.com"]
[Date "2020.02.04"]
[Round "9"]
[White "allvim"]
[Black "vladimirdamjanovic"]
[Result "1/2-1/2"]
[WhiteElo "2438"]
[BlackElo "2609"]
[TimeControl "180+2"]
[EndTime "15:09:18 PST"]
[Termination "Game drawn by repetition"]

1. d4 Nf6 2. c4 c5 3. d5 b5 4. Nf3 d6 5. Qc2 b4 6. b3 g6 7. Bb2 Bg7 8. Nbd2 O-O 9. e4 e5 10. Bd3 a5 11. O-O Nh5 12. Rfe1 Nd7 13. g3 Nb6 14.
Nf1 Bg4 15. Nh4 Bf6 16. Ng2 Bd7 17. Bc1 a4 18. Rb1 axb3 19. axb3 Bh3 20. Nfe3 Bg7 21. Bf1 Ra7 22. Nh4 Bd7 23. Bb2 Bf6 24. Nf3 Qc7 25. Ra1 Rfa8 26. Rxa7 Rxa7 27. Ra1 Bg7 28. Qb1 Nf6 29. Nd2 Bh6 30. Ra2 Bxe3 31. fxe3 Ng4 32. Bh3 Nxe3 33. Bxd7 Qxd7 34. Nf1 Nxf1 35. Kxf1 Rxa2 36.
Qxa2 Qg4 37. Qa6 Qd1+ 38. Kg2 Qe2+ 39. Kh3 Qh5+ 40. Kg2 Qe2+ 41. Kh3 Qf1+ 42. Kh4 Nd7 43. Qxd6 Qf2 44. Kh3 Qf1+ 45. Kh4 Qf2 46. Kh3 Qf1+ 47. Kh4 1/2-1/2

[Event "*** Titled Tuesday Blitz"]
[Site "Chess.com"]
[Date "2020.02.04"]
[Round "9"]
[White "lelya96"]
[Black "Fortitudine"]
[Result "1-0"]
[WhiteElo "2463"]
[BlackElo "2243"]
[TimeControl "180+2"]
[EndTime "15:09:20 PST"]
[Termination "lelya96 won by resignation"]

1. e4 c5 2. Nf3 d6 3. d4 cxd4 4. Nxd4 Nf6 5. Nc3 Nc6 6. Bc4 Qb6 7. Nxc6 bxc6 8. O-O Bg4 9. Qd3 e6 10. Bg5 Be7 11. h3 Bh5 12. Bf4 Rd8 13. Be3 Qc7 14. Bb3 Bg6 15. f4 d5 16. f5 dxe4 17. Qc4 exf5 18.
Nb5 Qb7 19. Nxa7 O-O 20. Nxc6 Rc8 21. Nxe7+ Qxe7 22. Qe2 Rfd8 23. a4 Nd5 24. Bd4 Qg5 25. Bxd5 Rxd5 26. c3 f4 27. Kh1 Re8 28. a5 Rf5 29. a6 f3 30. gxf3 Qg3 31. Qg2 Qh4 32. fxe4 Rxf1+ 33. Rxf1 Bxe4 34. Rf3 Bxf3 35. Qxf3 Re1+ 36.
Bg1 Re8 37. a7 Qd8 38. Bb6 Qc8 39. Kh2 h6 40. Bd4 f6 41. b4 Qc7+ 42. Qg3 Qb7 43. Qg2 Qc7+ 44. Kg1 Re1+ 45. Kf2 Re8 46. Qg3 Qf4+ 47.
Qxf4 1-0

[Event "*** Titled Tuesday Blitz"]
[Site "Chess.com"]
[Date "2020.02.04"]
[Round "9"]
[White "LogoCzar"]
[Black "TheBigBadChessDad"]
[Result "0-1"]
[WhiteElo "2487"]
[BlackElo "2339"]
[TimeControl "180+2"]
[EndTime "15:09:28 PST"]
[Termination "TheBigBadChessDad won by resignation"]

1. e4 e5 2. Nf3 Nf6 3. Nxe5 d6 4.
Nf3 Nxe4 5. d4 d5 6. Bd3 Bd6 7. O-O O-O 8. Nbd2 Nxd2 9. Bxd2 Bg4 10. h3 Bh5 11. g3 Nd7 12. Kg2 Re8 13. c3 c6 14. Qc2 Bg6 15. Bg5 Qb6 16. b3 Rac8 17. Rae1 Bxd3 18. Qxd3 h6 19. Bc1 c5 20. dxc5 Qxc5 21.
Be3 Qxc3 22. Qxd5 Qc6 23. Rd1 Re6 24. Rd3 Qxd5 25. Rxd5 Nf6 26. Rd2 a6 27. Rfd1 Be7 28. Nd4 Re5 29. Bf4 Rd5 30. g4 Bb4 31. Rd3 Rcd8 32.
Be3 Ne4 33. Rc1 b6 34. f3 Ng5 35. Rc4 Bc5 36. b4 Bf8 37. Rd2 b5 38. Rcc2 Bxb4 39. Rd3 Ne6 40. Nxe6 Rxd3 41. Nxd8 Rxd8 42. Kf2 Rd3 43. Ke2 Ra3 44. Bc1 Rc3 45. Rd2 Rxc1 46. Rd8+ Bf8 47. Kd3 Rd1+ 0-1

[Event "*** Titled Tuesday Blitz"]
[Site "Chess.com"]
[Date "2020.02.04"]
[Round "9"]
[White "Firouzja2003"]
[Black "sergiochess83"]
[Result "0-1"]
[WhiteElo "3135"]
[BlackElo "2990"]
[TimeControl "180+2"]
[EndTime "15:09:33 PST"]
[Termination "sergiochess83 won by resignation"]

1. e4 c6 2. Bc4 d5 3. Bb3 dxe4 4. Qh5 g6 5. Qh4 Nf6 6. Nc3 Nbd7 7. Nxe4 Nxe4 8.
Qxe4 Bg7 9. Nf3 Nc5 10. Qh4 Nxb3 11. axb3 e5 12. Qxd8+ Kxd8 13. O-O Bg4 14. Ng5 Ke7 15. d3 h6 16. Ne4 b6 17. Re1 Be6 18. b4 Rhd8 19.
Be3 f5 20. Nc3 Kd7 21. Ra6 Kc7 22. Rea1 Kb7 23. b5 Bd7 24. bxc6+ Bxc6 25. f3 Bf8 26. h4 g5 27. hxg5 hxg5 28. R6a2 Be7 29. Ne2 f4 30.
Bf2 g4 31. fxg4 Rg8 32. Nc3 Rxg4 33. Ne4 Rg6 34. Kf1 a5 35. b4 Bxb4 36. Rb1 Bxe4 37. dxe4 Rc6 38. g3 fxg3 39. Bxg3 Rf8+ 40. Ke2 Rc4 41. c3 Bxc3 42. Kd3 Rc6 43. Bf2 Rf3+ 44.
Ke2 Rf4 45. Kd3 Bb4 46. Rb3 Rf3+ 47. Be3 Bc5 48. Ke2 Rxe3+ 49. Rxe3 Bxe3 50. Kxe3 Rc5 51. Kf3 Ka6 52. Kg4 b5 53. Kf5 b4 54. Rc2 0-1

[Event "*** Titled Tuesday Blitz"]
[Site "Chess.com"]
[Date "2020.02.04"]
[Round "9"]
[White "reigningmvp"]
[Black "Region_07"]
[Result "0-1"]
[WhiteElo "2334"]
[BlackElo "2488"]
[TimeControl "180+2"]
[EndTime "15:09:37 PST"]
[Termination "Region_07 won by checkmate"]

1. Nf3 f5 2. b3 Nf6 3. Bb2 d5 4. g3 e6 5. Bg2 Bd6 6. Ne5 O-O 7. d3 Nbd7 8. Nxd7 Bxd7 9. Nd2 Qe7 10. O-O c6 11. e4 fxe4 12. dxe4 Bc5 13. Qe2 Qf7 14. Kh1 Qg6 15. h3 Nh5 16. Bf3 Nf6 17. e5 Ne8 18. c4 Nc7 19. Rac1 Bb4 20. Bg2 Na6 21. a3 Bxd2 22.
Qxd2 Nc5 23. Qe3 b6 24. Rcd1 Rf7 25. f4 Raf8 26. b4 Na4 27. Ba1 dxc4 28. Rd4 c5 29.
Rxc4 Bb5 30. Rcc1 Bxf1 31. Rxf1 cxb4 32. axb4 b5 33. Be4 Qh6 34. Kg2 Nb6 35. Rd1 Nc4 36. Qc5 Qh5 37. Bf3 Qf5 38. Qf2 h5 39. h4 Qg6 40. Kh2 a6 41. Qe2 Qh6 42. Bxh5 Rxf4 43. gxf4 Qxf4+ 44. Kh1 Ne3 45. Rg1 Qxh4+ 46. Qh2 Qe4+ 47.
Rg2 Rf1+ 48. Qg1 Qxg2# 0-1

[Event "*** Titled Tuesday Blitz"]
[Site "Chess.com"]
[Date "2020.02.04"]
[Round "9"]
[White "francyIM"]
[Black "PowerThinking2650"]
[Result "0-1"]
[WhiteElo "2572"]
[BlackElo "2422"]
[TimeControl "180+2"]
[EndTime "15:09:38 PST"]
[Termination "PowerThinking2650 won by resignation"]

1. d4 Nf6 2. c4 g6 3. g3 Bg7 4. Bg2 O-O 5. Nc3 d6 6. Nf3 Nbd7 7. O-O e5 8. e4 exd4 9. Nxd4 Re8 10. Qc2 Nc5 11.
Rd1 a5 12. Ndb5 Bd7 13. Bf4 Qc8 14. Rac1 h6 15. f3 Ne6 16. Be3 Ng5 17. h4 Ne6 18.
Qd2 Kh7 19. Nd4 Nxd4 20. Bxd4 Bh3 21. Bxf6 Bxf6 22. Nd5 Bg7 23. Nxc7 Bxg2 24. Nxe8 Bxf3 25. Nxg7 Qg4 26. Kh2 Bxd1 27. Qxd1 Qxe4 28. Qxd6 Kxg7 29. Rf1 Qxc4 30. Qf6+ Kg8 31. b3 Qd5 32. Rf2 Re8 33.
Qc3 h5 34. Rd2 Qe5 35. Qxe5 Rxe5 36. Kg2 Rc5 37. Kf3 Rc3+ 38. Kf4 a4 39. bxa4 Ra3 40. Ke5 Rxa4 41. Kd6 Ra3 42. Kc7 Rxg3 43. Kxb7 Rg4 44. Rh2 Kg7 45. Kb6 f6 46. Kb5 Kh6 47. a4 Rg1 48. a5 Rb1+ 49. Ka4 Ra1+ 50. Kb4 g5 51. hxg5+ fxg5 52. Rh3 g4 53. Rc3 h4 54. Rc6+ Kg5 55. a6 Kf4 56. Rc4+ Kg3 57. Rc3+ Kh2 58. Ra3 Rb1+ 59. Rb3 Ra1 60. Ra3 Rxa3 61. Kxa3 g3 62.
a7 g2 63. a8=Q g1=Q 64. Qh8 h3 65. Kb3 Qe3+ 66. Kc2 Kg2 67. Qg8+ Qg3 68. Qd5+ Kg1 69.
Qd1+ Kg2 70. Qd5+ Qf3 71. Qg5+ Kf1 72. Kd2 Qg2+ 0-1

[Event "*** Titled Tuesday Blitz"]
[Site "Chess.com"]
[Date "2020.02.04"]
[Round "9"]
[White "mbojan"]
[Black "Keaton87"]
[Result "1-0"]
[WhiteElo "2746"]
[BlackElo "2557"]
[TimeControl "180+2"]
[EndTime "15:09:39 PST"]
[Termination "mbojan won by resignation"]

1. e4 c5 2. Nf3 d6 3. d4 Nf6 4.
Nc3 cxd4 5. Nxd4 g6 6. Be3 Bg7 7. f3 O-O 8. Qd2 Nc6 9. O-O-O d5 10. Nxc6 bxc6 11. Bh6 Be6 12. e5 Nd7 13. h4 Bxe5 14. Bxf8 Qxf8 15. h5 Rb8 16. f4 Bf6 17. hxg6 hxg6 18.
Bd3 Nc5 19. b3 Qg7 20. Ne2 Ba1 21. c3 Rxb3 22. axb3 Nxb3+ 23. Kc2 Nxd2 24. Rxd2 c5 25. Rxa1 Qf6 26. Kb2 Bg4 27. Bc2 Qb6+ 28. Kc1 a5 29. g3 Kg7 30. Rb1 Qe6 31. Bd1 Qe3 32. Rb7 Bxe2 33. Bxe2 Qxc3+ 34. Rc2 Qe3+ 35. Kb1 e6 36. Bb5 Qb3+ 37. Rb2 Qxg3 38. Be8 Qxf4 39. Rxf7+ Qxf7 40. Bxf7 Kxf7 41. Rb5 c4 42. Rxa5 Kf6 43. Kc2 Ke5 44. Kd2 Kd4 45. Ra6 e5 46. Rxg6 e4 47. Rg5 c3+ 48. Kc2 Kc4 49. Re5 Kd4 50. Re8 Ke3 51. Kxc3 d4+ 52. Kc2 d3+ 53. Kd1 Kf3 54.
Kd2 Kf4 55. Rf8+ Ke5 56. Ke3 1-0

[Event "*** Titled Tuesday Blitz"]
[Site "Chess.com"]
[Date "2020.02.04"]
[Round "9"]
[White "Vuk2000"]
[Black "Chesstrainer1"]
[Result "1/2-1/2"]
[WhiteElo "2638"]
[BlackElo "2369"]
[TimeControl "180+2"]
[EndTime "15:09:40 PST"]
[Termination "Game drawn by repetition"]

1. d4 Nf6 2. Bg5 d5 3. Bxf6 exf6 4. e3 Be6 5. c4 dxc4 6. Nd2 Bb4 7. Nf3 a6 8. a3 Ba5 9. Rc1 b5 10. e4 O-O 11.
Be2 c5 12. d5 Bg4 13. O-O Nd7 14. h3 Bxf3 15. Bxf3 Re8 16. Nb1 Ne5 17. Be2 Qd6 18. Qc2 Ng6 19. g3 Ra7 20. f4 Rae7 21. Bf3 h5 22. h4 f5 23. e5 Nxe5 24. fxe5 Qxe5 25. Qf2 Bc7 26. Rcd1 Bd6 27. Nc3 g6 28. Kg2 Qf6 29. Rde1 Kg7 30. Rxe7 Rxe7 31. Re1 f4 32.
Ne4 fxg3 33. Nxf6 gxf2 34. Ne8+ Kf8 35. Rxe7 Kxe7 36. Nxd6 Kxd6 37. Kxf2 b4 38. a4 a5 39. Ke3 Ke5 40. Kd2 f6 41. Kc2 g5 42. Bxh5 gxh4 43. Bf3 h3 44. Bh1 h2 45. Bg2 f5 46. Bh1 f4 47. Bg2 Kd6 48. Bf3 Ke5 49. Bg2 Kd6 50. Bh1 Ke5 51. Bg2 1/2-1/2

[Event "*** Titled Tuesday Blitz"]
[Site "Chess.com"]
[Date "2020.02.04"]
[Round "9"]
[White "DonPreuss"]
[Black "ruvat"]
[Result "1/2-1/2"]
[WhiteElo "2239"]
[BlackElo "2393"]
[TimeControl "180+2"]
[EndTime "15:09:42 PST"]
[Termination "Game drawn by repetition"]

1. d4 d6 2. e4 Nf6 3. Nc3 g6 4. f4 Bg7 5. Nf3 O-O 6. e5 dxe5 7. fxe5 Nd5 8. Bc4 Be6 9. Bb3 c5 10. Ne2 cxd4 11. Nexd4 Bg4 12. h3 Bxf3 13. Nxf3 e6 14. O-O Nc6 15. Qe1 Qc7 16. Bxd5 exd5 17. Bf4 Rae8 18.
Qh4 Nxe5 19. Bh6 Nxf3+ 20. Rxf3 Qb6+ 21. Kh1 Re4 22. Qg5 Qxb2 23. Raf1 Bxh6 24. Qxh6 Qg7 25. Qg5 Re5 26. Qd2 f6 27. Rd3 Qf7 28. Rd1 Rfe8 29. Kh2 Qe6 30. Rxd5 Rxd5 31. Qxd5 Qxd5 32. Rxd5 Re7 33.
Kg3 Kf7 34. Rc5 Ke6 35. Rc3 Kd6 36. Kf3 Rc7 37. Rd3+ Kc6 38. c3 Kb6 39. Ke3 Kb5 40. Kd2 a5 41. Rd5+ Kb6 42. Rd6+ Kb5 43. Rxf6 Rd7+ 44. Kc2 b6 45. Rf4 Re7 46. a4+ Kc5 47. Kd3 Rd7+ 48. Kc2 Re7 49. Kd3 Kc6 50. Kc4 Rc7 51. Rf6+ Kb7+ 52. Kd4 Rd7+ 53. Ke3 Rc7 54. Kd4 Rd7+ 55. Ke3 Re7+ 56. Kd3 Rd7+ 57. Ke3 1/2-1/2

[Event "*** Titled Tuesday Blitz"]
[Site "Chess.com"]
[Date "2020.02.04"]
[Round "9"]
[White "FairChess_on_YouTube"]
[Black "Supernotar"]
[Result "1-0"]
[WhiteElo "3044"]
[BlackElo "2613"]
[TimeControl "180+2"]
[EndTime "15:09:48 PST"]
[Termination "FairChess_on_YouTube won by checkmate"]

1. d4 d5 2. c4 dxc4 3. e3 Nf6 4. Bxc4 e6 5. Nf3 a6 6. O-O b5 7. Be2 Bb7 8. Bd2 c5 9. dxc5 Bxc5 10. b4 Be7 11. a4 bxa4 12. Qxa4+ Nbd7 13. Rd1 O-O 14. Be1 Qc7 15. Na3 Ne5 16. Rac1 Nxf3+ 17. Bxf3 Qb8 18.
Bxb7 Qxb7 19. Nc4 Qb5 20. Qxb5 axb5 21. Na5 Rfc8 22. Nc6 Kf8 23. f3 Nd5 24. Nxe7 Kxe7 25. e4 Nf4 26. Rxc8 Rxc8 27. Kf1 Rc2 28. Bd2 e5 29. g3 Ne6 30. Be3 Rb2 31. Rd5 Rxb4 32.
Rxe5 Rb2 33. f4 f6 34. Rh5 h6 35. Rd5 b4 36. h4 b3 37. Rb5 Kd6 38. Rb6+ Kd7 39.
f5 Nc7 40. Bf4 Ne8 41. h5 Rb1+ 42. Ke2 b2 43. Kd3 Rh1 44. Rxb2 Rxh5 45. Rb7+ Kc8 46. Ra7 Rh1 47. Kc4 Rd1 48. Kc5 Kd8 49. Kc6 Rc1+ 50. Bxc1 h5 51. Ba3 h4 52. Ra8# 1-0

[Event "*** Titled Tuesday Blitz"]
[Site "Chess.com"]
[Date "2020.02.04"]
[Round "9"]
[White "bazar-wokzal"]
[Black "Roman_Ovetchkin"]
[Result "0-1"]
[WhiteElo "2536"]
[BlackElo "2708"]
[TimeControl "180+2"]
[EndTime "15:09:48 PST"]
[Termination "Roman_Ovetchkin won on time"]

1. e4 c6 2. d4 d5 3. e5 Bf5 4.
Nc3 e6 5. g4 Bg6 6. Nge2 f6 7.
Nf4 fxe5 8. dxe5 Bf7 9. Qe2 Nd7 10.
Bd2 Qc7 11. Nd3 O-O-O 12. O-O-O Ne7 13. Bg2 a6 14. f4 g6 15. Kb1 Bg7 16. Rde1 Rhe8 17.
Qf2 c5 18. Na4 b6 19. b3 Nc6 20. f5 gxf5 21. Bg5 Bg6 22. Bxd8 Nxd8 23. Nf4 Nxe5 24.
Nxg6 hxg6 25. gxf5 gxf5 26. h4 Nb7 27. h5 Ng4 28.
Qe2 b5 29. Bxd5 bxa4 30. Qxa6 Kb8 31. Qxa4 Rd8 32. Bxe6 Nf2 33. Rhf1 Ne4 34. Rxe4 fxe4 35. Qxe4 Qd6 36. c4 Rf8 37. Rxf8+ Qxf8 38. Qf5 Qd6 39.
Bd5 Qh2 40. Kc1 Qb2+ 41. Kd1 Qa1+ 42. Ke2 Qxa2+ 43. Kf1 Qa1+ 44. Kg2 Qb2+ 45. Kf1 Bd4 46. Bxb7 Qc1+ 47. Ke2 Qe3+ 48. Kf1 Kxb7 49. Qd7+ Kb6 0-1

[Event "*** Titled Tuesday Blitz"]
[Site "Chess.com"]
[Date "2020.02.04"]
[Round "9"]
[White "Kira170"]
[Black "EugeneRougon"]
[Result "0-1"]
[WhiteElo "2540"]
[BlackElo "2726"]
[TimeControl "180+2"]
[EndTime "15:09:51 PST"]
[Termination "EugeneRougon won by checkmate"]

1. d4 d5 2. Nc3 e6 3. Bf4 Bb4 4. e3 Nf6 5. Bd3 c5 6. dxc5 Nbd7 7.
Ne2 O-O 8. a3 Bxc5 9. O-O a6 10.
e4 d4 11. Nb1 e5 12. Bg3 b5 13. Nd2 Bb7 14. Kh1 Qe7 15. Bh4 h6 16. Ng3 g6 17.
f4 exf4 18. Rxf4 Bd6 19. Rf1 Bxg3 20. Bxg3 Nxe4 21. Nxe4 Bxe4 22. Re1 f5 23. Bxe4 fxe4 24. Qxd4 Rfe8 25. Rad1 Nf6 26. Qe3 Kh7 27. Rd6 Ng4 28. Qf4 h5 29. h3 Rf8 30. Qd2 e3 31. Rd7 exd2 32. Rexe7+ Kh6 33. hxg4 Rf1+ 34. Kh2 d1=Q 35. Bf4+ Rxf4 36. Rxd1 Rxg4 37. Rc7 Re8 38. Rd2 Re6 39.
Rf2 Rge4 40. Rff7 Re2 41. Rh7+ Kg5 42. Rc5+ R6e5 43. Rhc7 Rxc5 44. Rxc5+ Kf4 45. Rc6 g5 46. Rf6+ Kg4 47. Rc6 h4 48. Rc3 Kf4 49. Kg1 g4 50. Rc6 g3 51. Rc3 Re1# 0-1

[Event "*** Titled Tuesday Blitz"]
[Site "Chess.com"]
[Date "2020.02.04"]
[Round "9"]
[White "TristanCalistri"]
[Black "GMKrikor"]
[Result "0-1"]
[WhiteElo "2324"]
[BlackElo "2808"]
[TimeControl "180+2"]
[EndTime "15:09:52 PST"]
[Termination "GMKrikor won by resignation"]

1. e4 c5 2. Nf3 g6 3. Nc3 Nc6 4. Bc4 Bg7 5. O-O d6 6. d3 e6 7. Be3 Nd4 8. Nb5 Nxf3+ 9. Qxf3 Ne7 10. Nc3 O-O 11. Rab1 a6 12. a3 Nc6 13. Ba2 Rb8 14.
Ne2 b5 15. c3 Bb7 16. Qg3 Rc8 17. Qh3 Qe7 18. Bh6 Rcd8 19. Ng3 a5 20. Rbe1 b4 21.
axb4 axb4 22. f4 bxc3 23. bxc3 Bxc3 24. e5 dxe5 25. fxe5 Bxe1 26. Rxe1 Nb4 27. Bc4 Nxd3 28. Re3 Nb2 29. Be2 c4 30. Qg4 Qc5 31. Nh5 f5 32. Qg5 Qc7 33. Nf6+ Kh8 34. h4 c3 35. Kh2 c2 36. h5 c1=Q 37. hxg6 hxg6 38. Qxg6 Qxe3 39.
Bxe3 Rf7 40. Bh6 Be4 41. Bh5 Rg7 42. Bxg7+ Qxg7 43. Qxg7+ Kxg7 44. Ne8+ Rxe8 45. Bxe8 Nd3 46. Bd7 Kf7 47. g4 fxg4 48. Kg3 Nxe5 49. Bc8 Bf5 50.
Kf4 Kf6 0-1

[Event "*** Titled Tuesday Blitz"]
[Site "Chess.com"]
[Date "2020.02.04"]
[Round "9"]
[White "MathiasWomacka"]
[Black "Bathory44"]
[Result "0-1"]
[WhiteElo "2438"]
[BlackElo "2593"]
[TimeControl "180+2"]
[EndTime "15:09:52 PST"]
[Termination "Bathory44 won on time"]

1. e4 e6 2. d4 d5 3. Nd2 a6 4. Ngf3 c5 5. exd5 exd5 6. dxc5 Bxc5 7. Bd3 Nf6 8. Nb3 Bb6 9. Qe2+ Qe7 10. Qxe7+ Kxe7 11. O-O Nc6 12. Re1+ Be6 13. Be3 Bxe3 14. Rxe3 Kd6 15.
Nbd4 Nxd4 16. Nxd4 Rae8 17. Rae1 h5 18. h4 Bd7 19. f3 Rxe3 20. Rxe3 Be6 21. Kf2 Nd7 22. Bf5 Nf8 23. Rb3 Kc7 24. Rc3+ Kd6 25. Ke3 g6 26. Bd3 Nd7 27. Ne2 Re8 28. Kd2 Rg8 29. Nf4 g5 30. hxg5 Rxg5 31. Rc8 Ke5 32. Ne2 Rxg2 33. Rh8 Rh2 34. Ke3 Nf6 35. Nd4 h4 36. Rh6 Nd7 37. f4+ Kd6 38. f5 Ne5 39. Kf4 Nxd3+ 40. cxd3 Rxb2 41. fxe6 fxe6 42. Nxe6 Rxa2 43.
d4 a5 44. Nc5+ Kc7 45. Rh7+ Kc6 46. Rxb7 h3 47. Rh7 h2 48. Kg3 Rd2 49. Ne6 a4 50. Rxh2 Rxh2 51. Kxh2 Kb5 52. Kg3 a3 53. Nc5 Kc4 0-1

[Event "*** Titled Tuesday Blitz"]
[Site "Chess.com"]
[Date "2020.02.04"]
[Round "9"]
[White "Sajkochess"]
[Black "mortngabriel"]
[Result "0-1"]
[WhiteElo "2299"]
[BlackElo "2415"]
[TimeControl "180+2"]
[EndTime "15:09:55 PST"]
[Termination "mortngabriel won by resignation"]

1. e4 c6 2. d4 d5 3. Nc3 dxe4 4. Nxe4 Bf5 5. Ng3 Bg6 6. N1e2 e6 7. Nf4 Bd6 8. h4 Qc7 9. Nxg6 hxg6 10. Ne4 Bf4 11. Qf3 Bxc1 12. Rxc1 Nd7 13. Bc4 Ngf6 14. Nxf6+ Nxf6 15. g3 O-O-O 16. c3 e5 17. Rd1 exd4 18. Rxd4 Rhe8+ 19. Kf1 Rxd4 20. cxd4 Re4 21. Qc3 Qd7 22. Kg2 Kb8 23. Rd1 Nd5 24. Bxd5 Qxd5 25. Kg1 f5 26. Qb4 Re8 27. a4 f4 28. Re1 Rxe1+ 29. Qxe1 fxg3 30. Qe8+ Kc7 31. Qe7+ Kb6 32. Qb4+ Ka6 33.
fxg3 b5 34. axb5+ cxb5 35. Kf2 Kb6 36. Ke3 Qe6+ 37. Kd2 Qd5 38. Qc3 a5 39. Qd3 Qg2+ 40. Kc1 Qc6+ 41. Kb1 b4 42. Qe3 Qd5 43. Qf4 Qf5+ 44.
Qxf5 gxf5 45. b3 Kb5 46. Kc2 a4 47. bxa4+ Kxa4 48. Kb2 Kb5 49. Kb3 g6 50. d5 Kc5 51.
d6 Kxd6 52. Kxb4 Ke5 53. Kc5 Ke4 54. Kd6 Kf3 55. Ke6 Kxg3 56. Kf6 Kxh4 57. Kxg6 f4 0-1

[Event "*** Titled Tuesday Blitz"]
[Site "Chess.com"]
[Date "2020.02.04"]
[Round "9"]
[White "AdrianaNikolova"]
[Black "PNEPaul"]
[Result "1-0"]
[WhiteElo "2385"]
[BlackElo "1842"]
[TimeControl "180+2"]
[EndTime "15:09:58 PST"]
[Termination "AdrianaNikolova won by resignation"]

1. e4 a6 2. d4 d6 3. Nf3 g6 4. a4 Bg7 5. Nc3 Nd7 6. Bg5 h6 7.
Bf4 e6 8. Qd2 Ne7 9. Bc4 b6 10.
O-O Bb7 11. Rfe1 g5 12. Bg3 O-O 13. Ba2 e5 14. Rad1 exd4 15. Nxd4 Ne5 16. Nd5 Nxd5 17.
exd5 Qd7 18. Qb4 a5 19. Qa3 Rae8 20. c4 Ng4 21. Rxe8 Rxe8 22. h3 Bxd4 23. hxg4 Be5 24. Bb1 Qxg4 25. Qd3 f5 26. Re1 Kf7 27. Bxe5 Rxe5 28.
Rxe5 dxe5 29. Qxf5+ Qxf5 30. Bxf5 Kf6 31. Bg4 e4 32.
Kh2 Ke5 33. Kg3 Kd4 34. Be2 Ke5 35. Kg4 Kf6 36. Kh5 Kg7 37. Bg4 Ba6 38. b3 Bb7 39. Bf5 Ba6 40. g3 Bb7 41. Kg4 Ba6 42. Bxe4 Bc8+ 43. Bf5 Bb7 44. Kf3 Kf6 45. Ke4 Ba6 46.
Bd7 h5 47. Be8 h4 48. gxh4 gxh4 49. Bd7 Kg5 50. f4+ Kh5 51. Kf3 Bb7 52. Kg2 Ba6 53. Kh3 Bb7 54. Bg4+ Kh6 55. Kxh4 Kg7 56. Kg5 1-0

[Event "*** Titled Tuesday Blitz"]
[Site "Chess.com"]
[Date "2020.02.04"]
[Round "9"]
[White "MisiekZielony"]
[Black "Carnivoras"]
[Result "0-1"]
[WhiteElo "2342"]
[BlackElo "2538"]
[TimeControl "180+2"]
[EndTime "15:10:03 PST"]
[Termination "Carnivoras won on time"]

1. c4 e6 2. Nf3 d5 3. g3 Nf6 4. Bg2 c6 5. O-O Be7 6. b3 O-O 7.
Bb2 a5 8. a3 a4 9. cxd5 exd5 10.
b4 Bg4 11. h3 Bh5 12. d3 Nbd7 13. Nbd2 Re8 14. Re1 Bd6 15. Rc1 Qb8 16. Nf1 Ne5 17.
Nd4 Bg6 18. f4 Ned7 19. f5 Bxg3 20. Nxg3 Qxg3 21. fxg6 hxg6 22. Rf1 Ne5 23. Qe1 Qg5 24.
Qf2 Re7 25. Qf4 Qh5 26. Rce1 Rae8 27. Nf3 Ned7 28. Bd4 Rxe2 29. Rxe2 Rxe2 30. Re1 Rxe1+ 31. Nxe1 Qd1 32. Qe3 Qb3 33. Nf3 Qxa3 34. Qd2 Qb3 35. Qc3 Qb1+ 36. Kh2 Qd1 37. Qd2 Qb1 38. Qc3 Qa2 39.
Ne5 Nf8 40. Qb2 Qxb2 41. Bxb2 Ne6 42. Kg3 Kf8 43. d4 Ke7 44. Kf2 Nd7 45. Nd3 b5 46. Ke3 Nb6 47. Bc1 Nc4+ 48. Kf2 Nxd4 49. Nb2 Nxb2 50.
Bxb2 Ne6 51. Ke3 f6 52. Bf1 Kd6 53. Bd3 g5 54. Bf5 Nd8 55. Bd4 Ne6 56. Bxe6 Kxe6 57.
Kf3 Kf5 58. Bc3 Ke6 59. Ke3 g6 60. Kd4 Kd6 61. Bb2 f5 62. Bc1 g4 63. Bf4+ Ke6 64. Bc1 gxh3 0-1

[Event "*** Titled Tuesday Blitz"]
[Site "Chess.com"]
[Date "2020.02.04"]
[Round "9"]
[White "SARGISMV"]
[Black "Dhaydon19"]
[Result "0-1"]
[WhiteElo "2432"]
[BlackElo "2689"]
[TimeControl "180+2"]
[EndTime "15:10:09 PST"]
[Termination "Dhaydon19 won by checkmate"]

1. d4 c6 2. c4 d5 3. Nf3 Nf6 4.
e3 e6 5. b3 Bd6 6. Bb2 O-O 7. Nbd2 Nbd7 8. Bd3 Qe7 9. O-O e5 10.
dxe5 Nxe5 11. Nxe5 Bxe5 12. Bxe5 Qxe5 13. cxd5 Nxd5 14.
Nc4 Qe7 15. Qh5 g6 16. Qh6 Rd8 17. Rad1 Bg4 18. f3 Be6 19. Rfe1 Nc3 20. Rd2 Bxc4 21. bxc4 Rd6 22. Rc1 Nxa2 23. Rxa2 Rxd3 24. e4 Qc5+ 25. Kh1 Rad8 26. Raa1 Qxc4 27. h4 Qd4 28. h5 Qe5 29. hxg6 hxg6 30. Rf1 a6 31. Rab1 b5 32. Rbc1 R8d6 33.
Kg1 c5 34. f4 Qd4+ 35. Kh1 Qxe4 36. Rxc5 Rd1 37. Rxd1 Rxd1+ 38. Kh2 Rd8 39. Re5 Qc6 40. Rh5 Qf6 41. Qh7+ Kf8 42. Qh6+ Qg7 43. Qg5 Re8 44.
Qc5+ Kg8 45. Rh3 Qf6 46. f5 Qxf5 47. Qc3 Qe5+ 48. Qg3 Qxg3+ 49. Rxg3 Re6 50. Rb3 Rb6 51. Ra3 b4 52. Rxa6 Rxa6 53. g4 b3 54. Kg3 b2 55.
Kf4 b1=Q 56. Kg5 Qc1+ 57. Kh4 Qh6+ 58. Kg3 Ra3+ 59. Kg2 Qd2+ 60. Kh1 Ra1# 0-1

[Event "*** Titled Tuesday Blitz"]
[Site "Chess.com"]
[Date "2020.02.04"]
[Round "9"]
[White "Kislov_Oleg"]
[Black "Chigorinetz"]
[Result "0-1"]
[WhiteElo "2513"]
[BlackElo "2583"]
[TimeControl "180+2"]
[EndTime "15:10:10 PST"]
[Termination "Chigorinetz won by resignation"]

1. e4 c5 2. Nf3 Nc6 3. c3 d5 4. exd5 Qxd5 5. d4 cxd4 6. cxd4 e5 7. Nxe5 Nxd4 8. Qa4+ b5 9. Bxb5+ Nxb5 10. O-O Qxe5 11. Bd2 Be7 12. Bc3 Qg5 13. h4 Qg6 14.
Qxb5+ Bd7 15. Qe5 Nf6 16. Re1 Be6 17. Qb5+ Nd7 18. h5 Qf5 19. Qxf5 Bxf5 20. Bxg7 Rg8 21. h6 Be6 22. Nc3 Rb8 23. b3 Bf6 24. Bxf6 Nxf6 25. Rad1 Ke7 26. f4 Rbc8 27. Nd5+ Nxd5 28. Rxd5 Kf6 29.
Rd2 Rg4 30. Re4 Rc3 31. Kf2 Kg6 32. Rd6 Kxh6 33. Re3 Rc2+ 34. Kf3 Rcxg2 35. f5 Kg5 36. fxe6 R4g3+ 37. Ke4 Rxe3+ 38. Kxe3 fxe6 39. Rxe6 Rxa2 40. Re5+ Kg4 41. Re7 h5 42. Rg7+ Kh3 43. Kf3 Ra3 44. Kf2 a5 45. Rg5 h4 46. Rh5 Kg4 47. Rb5 Ra2+ 48.
Kf1 h3 49. Rb8 h2 50. Rg8+ Kf3 51. Rf8+ Ke3 52. Re8+ Kd3 53. Rh8 Kc3 54. Rh3+ Kb4 55. Ke1 h1=Q+ 56. Rxh1 Ra1+ 0-1

[Event "*** Titled Tuesday Blitz"]
[Site "Chess.com"]
[Date "2020.02.04"]
[Round "9"]
[White "IMTominho"]
[Black "Sanan_Sjugirov"]
[Result "1-0"]
[WhiteElo "2828"]
[BlackElo "2839"]
[TimeControl "180+2"]
[EndTime "15:10:13 PST"]
[Termination "IMTominho won by resignation"]

1. d4 Nf6 2. Nf3 g6 3. Bf4 Bg7 4. e3 O-O 5. Be2 d6 6. h3 b6 7. Bh2 Bb7 8. O-O Nbd7 9. c4 Ne4 10. Nbd2 Nxd2 11. Nxd2 e5 12. d5 a5 13. a3 a4 14. Ne4 f5 15. Nc3 Nc5 16. Qc2 Bc8 17.
f3 Bd7 18. Kh1 Qg5 19. Bg1 Qe7 20. Rae1 e4 21. f4 h6 22. Bf2 Bf6 23. Rg1 h5 24. g3 Qg7 25. Rc1 Nb3 26. Rcd1 Kf7 27. Be1 Rh8 28. Kh2 Nc5 29. Rc1 Ke7 30. Rd1 g5 31. h4 gxh4 32. gxh4 Qf7 33. Rg5 Bxg5 34. fxg5 f4 35. exf4 Qf5 36. Bf1 Qxf4+ 37. Bg3 Qg4 38. Re1 Raf8 39. Nxe4 Kd8 40. Nf6 Qd4 41. Rd1 Qe3 42.
Re1 Qb3 43. Qf2 Nd3 44. Bxd3 Qxd3 45. Re3 Qxc4 46. Bf4 Rf7 47. Rc3 Qb5 48. Kg1 Re7 49. g6 Rf8 50. Bh6 Rxf6 51. Qxf6 Qxb2 52. g7 Qb1+ 53. Rc1 Qh7 54. Bg5 Kc8 55. Qxe7 1-0

[Event "*** Titled Tuesday Blitz"]
[Site "Chess.com"]
[Date "2020.02.04"]
[Round "9"]
[White "SerGo055"]
[Black "Blitzstream"]
[Result "0-1"]
[WhiteElo "2549"]
[BlackElo "2735"]
[TimeControl "180+2"]
[EndTime "15:10:18 PST"]
[Termination "Blitzstream won by resignation"]

1. d4 d5 2. Nf3 Nf6 3. c4 c6 4. Nc3 e6 5. Bg5 h6 6. Bxf6 Qxf6 7. Qb3 Nd7 8. e4 dxe4 9. Nxe4 Qe7 10. Bd3 Qb4+ 11. Qxb4 Bxb4+ 12. Ke2 Ke7 13. a3 Ba5 14. b4 Bc7 15. a4 e5 16. Ng3 g6 17. Rhe1 exd4 18. Kf1+ Kf8 19. Nxd4 Be5 20. Nge2 c5 21. bxc5 Nxc5 22. Bc2 Bd7 23. f4 Bf6 24. Ra3 Kg7 25.
Rd1 Rad8 26. Nb5 a6 27. Nd6 Bc6 28. Rg3 Kf8 29. Nc3 Be7 30. Nxf7 Rxd1+ 31. Nxd1 Kxf7 32. Bxg6+ Kf6 33. a5 Be4 34. Bxe4 Nxe4 35. Re3 Nd6 36. Rc3 Rc8 37. Ne3 Kf7 38. Ke2 Bf6 39. Rc2 Bd8 40.
Kd3 Bxa5 41. g4 b5 42. c5 Nb7 43. Kd4 Nxc5 44. Nd5 Ne6+ 45. Kd3 Rxc2 46. Kxc2 Bd8 47.
f5 Ng5 48. Kd3 Nf3 49. h3 Ng1 50. h4 Nf3 51. h5 Ne5+ 52. Ke4 Nxg4 53. Nb4 Nf6+ 54.
Ke5 Bc7+ 55. Kd4 Nxh5 56. Nxa6 Bd6 57. Kd5 Ke7 0-1